 Dungeon Crawl Stone Soup version 0.30-a0-930-gb9d0489357 (webtiles) character file.

Game seed: 7715978053577134556

52 ytrimaz the Ruffian (level 3, -5/27 HPs)
             Began as a Demigod Transmuter on Mar 23, 2023.
             Killed from afar by an orc wizard (14 damage)
             ... with a puff of flame
             ... on level 3 of the Dungeon.
             The game lasted 00:02:23 (1558 turns).

ytrimaz the Ruffian (Demigod Transmuter)            Turns: 1558, Time: 00:02:24

Health: -5/27      AC:  4    Str: 15    XL:     3   Next: 39%
Magic:  6/8        EV: 12    Int: 15    God:
Gold:   75         SH:  0    Dex: 20    Spells: 2/5 levels left

rFire   . . .      SeeInvis .    d - +2 hand axe (heavy)
rCold   . . .      Faith    .    (no shield)
rNeg    . . .      Spirit   .    a - +0 robe
rPois   .          Reflect  .    h - +0 helmet
rElec   .          Rampage  .    (no cloak)
rCorr   .                        (no gloves)
Will    .....                    c - +0 pair of boots
Stlth   ++                       (no amulet)
HPRegen 0.24/turn                n - +6 ring of dexterity
MPRegen 0.11/turn                (no ring)

@: no status effects
A: high MP 1, forlorn, divine attributes
a: no special abilities


You were on level 3 of the Dungeon.
You visited 1 branch of the dungeon, and saw 3 of its levels.

You collected 75 gold pieces.


Innate Abilities, Weirdness & Mutations

You have an increased reservoir of magic. (+10% MP)
You shall have no god before yourself.
Your divine heritage dramatically boosts your attributes as you level up.


   Skills:
 - Level 0.8 Fighting
 + Level 2.4 Axes
 - Level 2.0 Dodging
 - Level 2.6 Unarmed Combat
 - Level 1.7 Spellcasting
 + Level 2.3 Transmutations


You had 2 spell levels left.
You knew the following spells:

 Your Spells              Type           Power      Damage    Failure   Level
a - Beastly Appendage     Tmut           16%        N/A       9%          1
b - Wereblood             Tmut           8%         N/A       14%         2

Your spell library contained the following spells:

 Spells                   Type           Power      Damage    Failure   Level
 Magic Dart               Conj           4%         1d3       22%         1
 Necrotise                Necr           4%         1d4       22%         1
 Shock                    Conj/Air       4%         1d3       22%         1
 Call Imp                 Summ           1%         N/A       34%         2
 Spider Form              Tmut/Pois      4%         N/A       38%         3
 Mephitic Cloud           Conj/Pois/Air  1%         N/A       56%         3
 Swiftness                Air            1%         N/A       56%         3
 Vampiric Draining        Necr           1%         2d6       56%         3
 Ice Form                 Ice/Tmut       4%         N/A       80%         4
 Airstrike                Air            0%         2d(1-17)  92%         4
 Agony                    Necr           1%         N/A       99%         5

Inventory:

Hand Weapons
 d - a +2 heavy hand axe (weapon)
   (You found it on level 1 of the Dungeon)
Armour
 a - a +0 robe (worn)
 c - a +0 pair of boots (worn)
   (You found it on level 1 of the Dungeon)
 h - a +0 helmet (worn)
   (You found it on level 1 of the Dungeon)
Jewellery
 n - a +6 ring of dexterity (left hand)
   (You found it on level 2 of the Dungeon)
Scrolls
 o - a scroll of vulnerability
Potions
 b - a potion of lignification
 e - 2 potions of ambrosia {unknown}
 f - 3 potions of heal wounds {unknown}
 g - a potion of experience {unknown}
 i - a potion of resistance {unknown}
 j - a potion of magic {unknown}
 k - a potion of brilliance {unknown}

Dungeon Overview and Level Annotations

Branches:
Dungeon (3/15) Zot: 16372

........# ........#
........# .........
.........# #
##....wrrS##.#
..#....ooo..# #.#
#.# #.# #.#
#.######@# #.#
#........#
#.#####........#
#.....#........#
#.....#.######....
#.....#.##########
#.............#
###.####........#
....####........###


You could see an orc wizard, 2 river rats, 2 orcs and a ball python.


Message History

* * * LOW HITPOINT WARNING * * *
😱 HP[-8]
You take 8 damage, and now have 6/27 hp.
MASSIVE DAMAGE!! (PAUSE)
You slash the worm!
You kill the worm!
You see here a worm corpse.
Unknown command.
You hear the slow rusting of a very distant drain.
You hear the slow rusting of a very distant drain.
You now have 65 gold pieces (gained 13).
You open the door.
There is an open door here.
Key pressed, stopping explore.
You now have 75 gold pieces (gained 10).
The endoplasm quivers. 😎 HP[+21]
Your hp is fully restored (27).
An endoplasm is nearby!
Unknown command.
An endoplasm is nearby!
An endoplasm is nearby!
You hit the endoplasm. The endoplasm barely misses you.
Unknown command.
You hit the endoplasm but do no damage. The endoplasm freezes you.
You are frozen.
The endoplasm closely misses you. 😕 HP[-1]
You take 1 damage, and now have 26/27 hp.
You hit the endoplasm. The endoplasm freezes you.
You are frozen.
The endoplasm closely misses you.
You slash the endoplasm!
You kill the endoplasm!
Unknown command.
No target in view! 😎 HP[+1]
Your hp is fully restored (27).
Unknown command.
Casting: Beastly Appendage (safe; 9% risk of failure)
Confirm with . or Enter, or press ? or * to list all spells.
Okay, then.
You hear the slow rusting of a drain very nearby. 2 orcs come into view.
The orc moves out of view.
An orc is nearby!
An orc is nearby!
Unknown command.
An orc wizard comes into view. It is wielding a +0 dagger.
The orc wizard moves out of view.
A worm comes into view.
The orc shouts!
The orc wizard shouts!
The orc shouts!
The orc throws a boomerang.
The boomerang barely misses you.
The orc throws a stone.
The stone closely misses you.
A river rat comes into view.
You miscast Wereblood.
You are very lightly contaminated with residual magic.
Nothing appears to happen.
The orc wizard casts a spell at you.
You are confused.
A ball python comes into view.
The orc throws a boomerang.
The boomerang hits you.
You are too confused! 😕 HP[-4] MP[-2]
You take 4 damage, and now have 23/27 hp.
You lost 2 mp, and now have 6/8 mp.
You're too confused to cast spells.
You're too confused to cast spells.
You miss the orc. The orc barely misses you.
A ball python comes into view.
The orc closely misses you. 😕 HP[+1] Unknown command.
You're too confused to move!
A river rat comes into view.
The orc misses you.
You bump into the rock wall.
The orc wizard gestures at you while chanting.
The magic dart hits you! The orc closely misses you.
A rat comes into view. 😮 HP[-8]
You take 8 damage, and now have 16/27 hp.
MASSIVE DAMAGE!! (PAUSE)
You bump into the rock wall.
The orc closely misses you. 😮 HP[+1] Unknown command.
You hit the orc. You hit the orc wizard.
You feel less confused. The orc wizard barely misses you.
The orc barely misses you.
The orc wizard hits you with a +0 dagger.
The orc hits you with a +0 war axe.
* * * LOW HITPOINT WARNING * * *
Your magical contamination has completely faded away. 😨 HP[-8]
You take 8 damage, and now have 9/27 hp.
MASSIVE DAMAGE!! (PAUSE)
The orc wizard points at you and mumbles some strange words.
The puff of flame hits you!
Ouch! That really hurt!
You die...

Skill      XL: |  1  2 |
---------------+-------+-----
Dodging        | 2 |  2.0
Axes           | 1 2 |  2.4
Transmutations | 2 |  2.3
Fighting       | |  0.8
Unarmed Combat | |  2.6
Spellcasting   | |  1.7

Action                     || total
---------------------------++-------
  Melee: Hand axe          ||    86
         Unarmed           ||     8
         Punch             ||     2
    Use: Scroll            ||     4
   Stab: Sleeping          ||     2
 Armour: Robe              ||    28
  Dodge: Dodged            ||    71

Levels and vault maps discovered:
D:1:      lemuel_arrival_broad_hall, layout_basic
D:2:      layout_loops_ring
D:3:      layout_basic, portal_sewer_entry_a

Notes
Turn   | Place    | Note
-------+----------+-------------------------------------------
     0 | D:1      | ytrimaz the Demigod Transmuter began the quest for the Orb.
     0 | D:1      | Reached XP level 1. HP: 15/15 MP: 5/5
     0 | D:1      | magus.rc [v1.9.6]
    66 | D:1      | Reached skill level 2 in Dodging
    67 | D:1      | You pick up a book of Necromancy and begin reading...
    67 | D:1      | You add the spells Necrotise, Vampiric Draining and Agony
                  | to your library.
   100 | D:1      | You pick up a book of Minor Magic and begin reading...
   100 | D:1      | You add the spells Magic Dart, Call Imp and Mephitic Cloud
                  | to your library.
   116 | D:1      | Reached skill level 1 in Axes
   148 | D:1      | You pick up a book of Air and begin reading...
   148 | D:1      | You add the spells Shock, Swiftness and Airstrike to your
                  | library.
   221 | D:1      | Reached XP level 2. HP: 22/22 MP: 7/7
   640 | D:1      | Reached skill level 2 in Axes
   645 | D:1      | Learned a level 2 spell: Wereblood
   758 | D:2      | Reached skill level 2 in Transmutations
   831 | D:2      | Reached XP level 3. HP: 27/27 MP: 8/8
  1410 | D:3      | HP: 6/27 [worm (9)]
  1558 | D:3      | Killed from afar by an orc wizard

Vanquished Creatures
  A worm (D:3)
  4 dart slugs
  6 endoplasms
  4 giant cockroaches
  A hobgoblin (D:1)
  A quokka (D:1)
  A ball python (D:2)
  4 bats
  3 frilled lizards
  7 goblins
  5 kobolds
  3 rats
40 creatures vanquished.

Table legend:
 A = Non-vault XP
 B = Vault XP
 C = Vault XP percentage of total XP
 D = Non-vault monster count
 E = Vault monster count
 F = Vault count percentage of total count
                 A         B        C        D         E       F
            +---------+---------+-------+---------+---------+-------
      Total |      75 |       0 |   0.0 |      40 |       0 |   0.0
            +---------+---------+-------+---------+---------+-------
        D:1 |      33 |       0 |   0.0 |      21 |       0 |   0.0
        D:2 |      35 |       0 |   0.0 |      17 |       0 |   0.0
        D:3 |       7 |       0 |   0.0 |       2 |       0 |   0.0
            +---------+---------+-------+---------+---------+-------

Illustrated notes

Table legend:
 A = Kills in this place as a percentage of kills in the entire game.
 B = Kills by you in this place as a percentage of kills by you in the entire game.
 C = Kills by friends in this place as a percentage of kills by friends in the entire game.
 D = Other kills in this place as a percentage of other kills in the entire game.
 E = Experience gained in this place as a percentage of experience gained in the entire game.
 F = Experience gained in this place divided by the number of levels of this place that you have seen.
                   A       B       C       D       E      F
               +-------+-------+-------+-------+-------+----------------------
         Total | 100.0 | 100.0 |   N/A |   N/A | 100.0 |  25.0
       Dungeon | 100.0 | 100.0 |   N/A |   N/A | 100.0 |  25.0
               +-------+-------+-------+-------+-------+----------------------

Table legend: (Time is in decaauts)
 A = Elapsed time spent in this place.
 B = Non-inter-level travel time spent in this place.
 C = Inter-level travel time spent in this place.
 D = Time resting spent in this place.
 E = Time spent auto-exploring this place.
 F = Levels seen in this place.
 G = Mean time per level.
                   A        B        C        D        E       F      G
               +--------+--------+--------+--------+--------+-----+--------+
         Total |   1626 |   1596 |     30 |      0 |   1177 |   3 |  542.0 |
       Dungeon |   1626 |   1596 |     30 |      0 |   1177 |   3 |  542.0 |
               +--------+--------+--------+--------+--------+-----+--------+

Top non-repeatable levels by time:
     D:1: 779 daAuts
     D:2: 680 daAuts
     D:3: 167 daAuts
